MLB
ST. LOUIS CARDINALS @ MINNESOTA TWINS
06/05/2044
 
TOP OF THE 1ST
St. Louis Cardinals batting - Pitching for Minnesota Twins : RHP Oscar Zuniga
Pitching: RHP Oscar Zuniga
Batting: LHB Tommy Luce 0-0: Ball
1-0: Fly out, F5 (Popup, 5SF, EV 78.8 MPH)
Batting: RHB Pavpv Ivanushkin 0-0: Ball
1-0: Called Strike
1-1: Swinging Strike
1-2: Ball
2-2: Ball
3-2: Foul Ball, location: 2F
3-2: Fly out, F9 (Flyball, 9S, EV 88.8 MPH)
Batting: SHB Antoine Roux 0-0: SINGLE (Line Drive, 34, EV 98.1 MPH)
Batting: LHB Alex Vargas 0-0: Called Strike
0-1: Ball
1-1: Ball
2-1: Fly out, F8 (Flyball, 8RD, EV 98.8 MPH)
Top of the 1st over - 0 runs, 1 hit, 0 errors, 1 left on base; St. Louis 0 - Minnesota 0
BOTTOM OF THE 1ST
Minnesota Twins batting - Pitching for St. Louis Cardinals : LHP Nick Martin
Pitching: LHP Nick Martin
Batting: RHB Jared McClernon 0-0: Foul Ball, location: 2F
0-1: DOUBLE (Line Drive, 78D, EV 100.0 MPH)
Batting: SHB Buster Hyman 0-0: Called Strike
0-1: Swinging Strike
0-2: Strikes out swinging
Batting: LHB Kevin Bellman 0-0: Fly out, F6 (Popup, 6MD, EV 73.1 MPH)
Batting: LHB Joel Kunkler 0-0: Ball
1-0: Ball
2-0: Called Strike
2-1: Foul Ball, location: 2F
2-2: Reached via error on a dropped throw from 1B, E1 (Groundball, 34S, EV 86.3 MPH)
Jared McClernon to third
Batting: RHB José Molina 0-0: Ball
1-0: Called Strike
1-1: Ball
2-1: Called Strike
2-2: Ball
3-2: Base on Balls
Joel Kunkler to second
Batting: LHB Sadamu Noguchi 0-0: Ball
1-0: GRAND SLAM HOME RUN (Flyball, 89XD, EV 103.8 MPH), Distance : 404 ft
Batting: RHB Väinö Tapaninen 0-0: Called Strike
0-1: Swinging Strike
0-2: Foul Ball, location: 2F
0-2: Strikes out swinging
Bottom of the 1st over - 4 runs, 2 hits, 1 error, 0 left on base; St. Louis 0 - Minnesota 4
TOP OF THE 2ND
St. Louis Cardinals batting - Pitching for Minnesota Twins : RHP Oscar Zuniga
Batting: LHB John Blair 0-0: Called Strike
0-1: DOUBLE (Line Drive, 89D, EV 98.1 MPH)
Batting: RHB Bobby Scholl 0-0: Swinging Strike
0-1: Foul Ball, location: 2F
0-2: Strikes out swinging
Batting: LHB Ben Rubenacker 0-0: Ball
1-0: SINGLE (Groundball, 34D, EV 95.0 MPH)
John Blair to third
Runner from 3rd tries for Home, SAFE, throw by RF to home
Batting: RHB Branden Cavalcante 0-0: Ball
1-0: SINGLE (Groundball, 34D, EV 96.9 MPH)
Ben Rubenacker to second
Runner from 2nd tries for 3rd, SAFE, throw by RF made to third
Batting: RHB Dustin Clark 0-0: Ball
1-0: Foul Ball, location: 2F
1-1: Foul Ball, location: 2F
1-2: SINGLE (Groundball, 4MS, EV 64.4 MPH) (infield hit)
Ben Rubenacker scores
Branden Cavalcante to second
Pitching: RHP Steffen Joseph
Batting: LHB Tommy Luce 0-0: Called Strike
Branden Cavalcante steals 3rd base (no throw)
0-1: Ball
1-1: Foul Ball, location: 2F
1-2: Grounds out, U3 (Groundball, 3L, EV 105.0 MPH)
Branden Cavalcante scores
Batting: RHB Pavpv Ivanushkin 0-0: Ball
1-0: Ball
2-0: Called Strike
2-1: Called Strike
2-2: Foul Ball, location: 2F
2-2: Ball
3-2: Base on Balls
Batting: SHB Antoine Roux 0-0: Ball
1-0: Ball
Wild Pitch!
Dustin Clark to third
Pavpv Ivanushkin to second
2-0: Called Strike
2-1: DOUBLE (Line Drive, 3D, EV 93.8 MPH)
Dustin Clark scores
Pavpv Ivanushkin scores
Batting: LHB Alex Vargas 0-0: Called Strike
0-1: Called Strike
0-2: DOUBLE (Flyball, 78XD, EV 91.3 MPH)
Antoine Roux scores
Batting: LHB John Blair 0-0: Ball
1-0: Foul Ball, location: 2F
1-1: Ball
2-1: Fly out, F6 (Flyball, 56D, EV 95.6 MPH)
Top of the 2nd over - 6 runs, 6 hits, 0 errors, 1 left on base; St. Louis 6 - Minnesota 4
BOTTOM OF THE 2ND
Minnesota Twins batting - Pitching for St. Louis Cardinals : LHP Nick Martin
Batting: RHB Josh Zoglmann 0-0: Ball
1-0: Ball
2-0: Ball
3-0: Base on Balls
Batting: RHB Brett Steele 0-0: Called Strike
0-1: Called Strike
0-2: Ball
1-2: Ball
2-2: Grounds into double play, 1-6-3 (Groundball, 13S, EV 74.4 MPH)
Batting: RHB Jared McClernon 0-0: Ball
1-0: Ball
2-0: Foul Ball, location: 2F
2-1: Ground out 4-3 (Groundball, 4S, EV 63.1 MPH)
Bottom of the 2nd over - 0 runs, 0 hits, 0 errors, 0 left on base; St. Louis 6 - Minnesota 4
TOP OF THE 3RD
St. Louis Cardinals batting - Pitching for Minnesota Twins : RHP Steffen Joseph
Batting: RHB Bobby Scholl 0-0: Fly out, F7 (Flyball, 7LM, EV 89.4 MPH)
Batting: LHB Ben Rubenacker 0-0: Ball
1-0: Foul Ball, location: 2F
1-1: Ball
2-1: Swinging Strike
2-2: Foul Ball, location: 2F
2-2: Ball
3-2: Fly out, F9 (Flyball, 89XD, EV 95.0 MPH)
Batting: RHB Branden Cavalcante 0-0: Called Strike
0-1: Ball
1-1: SINGLE (Flyball, 89S, EV 85.0 MPH)
Batting: RHB Dustin Clark 0-0: Swinging Strike
0-1: Called Strike
0-2: SINGLE (Groundball, 6D, EV 108.8 MPH)
Branden Cavalcante to second
Batting: LHB Tommy Luce 0-0: 3-RUN HOME RUN (Line Drive, 9D, EV 112.5 MPH), Distance : 420 ft
Batting: RHB Pavpv Ivanushkin 0-0: Ground out 5-3 (Groundball, 56, EV 86.9 MPH)
Top of the 3rd over - 3 runs, 3 hits, 0 errors, 0 left on base; St. Louis 9 - Minnesota 4
BOTTOM OF THE 3RD
Minnesota Twins batting - Pitching for St. Louis Cardinals : LHP Nick Martin
Batting: SHB Buster Hyman 0-0: Ball
1-0: Called Strike
1-1: Ball
2-1: Ball
3-1: Base on Balls
Batting: LHB Kevin Bellman 0-0: Called Strike
0-1: Ground out 6-3 (Groundball, P, EV 87.5 MPH)
Buster Hyman to second
Batting: LHB Joel Kunkler 0-0: Ball
1-0: Ground out U3 (Groundball, 34, EV 90.0 MPH)
Buster Hyman to third
Batting: RHB José Molina 0-0: Called Strike
0-1: Called Strike
0-2: Ball
1-2: Strikes out looking
Bottom of the 3rd over - 0 runs, 0 hits, 0 errors, 1 left on base; St. Louis 9 - Minnesota 4
TOP OF THE 4TH
St. Louis Cardinals batting - Pitching for Minnesota Twins : RHP Steffen Joseph
Batting: SHB Antoine Roux 0-0: Called Strike
0-1: Foul Ball, location: 2F
0-2: Ball
1-2: Strikes out swinging
Batting: LHB Alex Vargas 0-0: SINGLE (Line Drive, 78M, EV 91.3 MPH)
Batting: LHB John Blair 0-0: Fly out, F2 (Popup, 5SF, EV 88.1 MPH)
Batting: RHB Bobby Scholl 0-0: Called Strike
0-1: Called Strike
Alex Vargas steals 2nd base
0-2: Strikes out swinging
Top of the 4th over - 0 runs, 1 hit, 0 errors, 1 left on base; St. Louis 9 - Minnesota 4
BOTTOM OF THE 4TH
Minnesota Twins batting - Pitching for St. Louis Cardinals : LHP Nick Martin
Batting: LHB Sadamu Noguchi 0-0: Ball
1-0: SINGLE (Groundball, 34S, EV 70.0 MPH) (infield hit)
Batting: RHB Väinö Tapaninen 0-0: Called Strike
0-1: Called Strike
0-2: Ball
1-2: Strikes out looking
Batting: RHB Josh Zoglmann 0-0: Called Strike
0-1: Ball
1-1: Ball
2-1: Called Strike
Sadamu Noguchi steals 2nd base (no throw)
2-2: Ball
3-2: Fly out, F8 (Flyball, 8RM, EV 81.3 MPH)
Batting: RHB Brett Steele 0-0: Ball
1-0: Foul Ball, location: 2F
1-1: Called Strike
1-2: Foul Ball, location: 2F
1-2: Ball
2-2: Ball
3-2: Foul Ball, location: 2F
3-2: Base on Balls
Batting: RHB Jared McClernon 0-0: Called Strike
0-1: 3-RUN HOME RUN (Flyball, 78XD, EV 115.6 MPH), Distance : 433 ft
Pitching: RHP Josh Sandoval
Batting: SHB Buster Hyman 0-0: Ground out 6-3 (Groundball, 6, EV 91.9 MPH)
Bottom of the 4th over - 3 runs, 2 hits, 0 errors, 0 left on base; St. Louis 9 - Minnesota 7
TOP OF THE 5TH
St. Louis Cardinals batting - Pitching for Minnesota Twins : RHP Steffen Joseph
Batting: LHB Ben Rubenacker 0-0: Called Strike
0-1: Ball
1-1: Called Strike
1-2: Ball
2-2: Foul Ball, location: 2F
2-2: Foul Ball, location: 2F
2-2: Foul Ball, location: 2F
2-2: Foul Ball, location: 2F
2-2: Ball
3-2: Foul Ball, location: 2F
3-2: Foul Ball, location: 2F
3-2: SOLO HOME RUN (Flyball, 9D, EV 100.6 MPH), Distance : 404 ft
Pitching: RHP Luis Sanchez
Batting: RHB Branden Cavalcante 0-0: Ball
1-0: Foul Ball, location: 2F
1-1: Ball
2-1: Swinging Strike
2-2: Strikes out swinging
Batting: RHB Dustin Clark 0-0: SINGLE (Groundball, 56D, EV 108.8 MPH)
Batting: LHB Tommy Luce 0-0: Ball
1-0: Foul Ball, location: 2F
1-1: Ball
2-1: Ball
3-1: Foul Ball, location: 2F
3-2: Grounds into double play, 4-6-3 (Groundball, 4, EV 87.5 MPH)
Top of the 5th over - 1 run, 2 hits, 0 errors, 0 left on base; St. Louis 10 - Minnesota 7
BOTTOM OF THE 5TH
Minnesota Twins batting - Pitching for St. Louis Cardinals : RHP Josh Sandoval
Batting: LHB Kevin Bellman 0-0: Ball
1-0: Ball
2-0: Foul Ball, location: 2F
2-1: Ball
3-1: Foul Ball, location: 2F
3-2: Foul Ball, location: 2F
3-2: Base on Balls
Batting: LHB Joel Kunkler 0-0: Called Strike
Kevin Bellman is caught stealing 2nd base 2-6
0-1: Ball
1-1: DOUBLE (Line Drive, 9LM, EV 100.0 MPH)
Batting: RHB José Molina 0-0: Foul Ball, location: 2F
0-1: Called Strike
0-2: Strikes out looking
Batting: LHB Sadamu Noguchi 0-0: Called Strike
0-1: Called Strike
0-2: Strikes out swinging
Bottom of the 5th over - 0 runs, 1 hit, 0 errors, 1 left on base; St. Louis 10 - Minnesota 7
TOP OF THE 6TH
St. Louis Cardinals batting - Pitching for Minnesota Twins : RHP Luis Sanchez
Batting: RHB Pavpv Ivanushkin 0-0: Ball
1-0: Foul Ball, location: 2F
1-1: Ball
2-1: Called Strike
2-2: Fly out, F8 (Line Drive, 8LD, EV 106.9 MPH)
Batting: SHB Antoine Roux 0-0: Ball
1-0: Called Strike
1-1: Fly out, F7 (Flyball, 7, EV 89.4 MPH)
Batting: LHB Alex Vargas 0-0: Ball
1-0: Foul Ball, location: 2F
1-1: Ball
2-1: Foul Ball, location: 2F
2-2: Strikes out swinging
Top of the 6th over - 0 runs, 0 hits, 0 errors, 0 left on base; St. Louis 10 - Minnesota 7
BOTTOM OF THE 6TH
Minnesota Twins batting - Pitching for St. Louis Cardinals : RHP Josh Sandoval
Batting: RHB Väinö Tapaninen 0-0: Ball
1-0: SINGLE (Line Drive, 8RS, EV 111.3 MPH)
Batting: RHB Josh Zoglmann 0-0: Ball
1-0: Called Strike
1-1: Ball
2-1: Ball
3-1: 2-RUN HOME RUN (Flyball, 7D, EV 98.1 MPH), Distance : 372 ft
Pinch Hitting: RHB Jesus Chavez 0-0: Swinging Strike
0-1: Foul Ball, location: 2F
0-2: Strikes out looking
Batting: RHB Jared McClernon 0-0: Called Strike
0-1: Fly out, F5 (Line Drive, 5, EV 66.9 MPH)
Batting: SHB Buster Hyman 0-0: Swinging Strike
0-1: Ball
1-1: Swinging Strike
1-2: Strikes out looking
Bottom of the 6th over - 2 runs, 2 hits, 0 errors, 0 left on base; St. Louis 10 - Minnesota 9
TOP OF THE 7TH
St. Louis Cardinals batting - Pitching for Minnesota Twins : RHP Luis Sanchez
Now at 2B: Jesus Chavez
Now at SS: Kevin Bellman
Batting: LHB John Blair 0-0: Ground out 4-3 (Groundball, 4M, EV 90.6 MPH)
Batting: RHB Bobby Scholl 0-0: Ball
1-0: Foul Ball, location: 2F
1-1: Called Strike
1-2: Ball
2-2: Foul Ball, location: 2F
2-2: Strikes out swinging
Batting: LHB Ben Rubenacker 0-0: Called Strike
0-1: Ball
1-1: Ball
2-1: Fly out, F8 (Line Drive, 8LD, EV 95.0 MPH)
Top of the 7th over - 0 runs, 0 hits, 0 errors, 0 left on base; St. Louis 10 - Minnesota 9
BOTTOM OF THE 7TH
Minnesota Twins batting - Pitching for St. Louis Cardinals : RHP Josh Sandoval
DELAY Rain delay of 69 minutes in the 7th inning.
Pitching: RHP Jim Kincaid
Batting: LHB Kevin Bellman 0-0: Ground out U3 (Groundball, 34S, EV 70.0 MPH)
Batting: LHB Joel Kunkler 0-0: Called Strike
0-1: Ball
1-1: Fly out, F7 (Flyball, 78M, EV 83.1 MPH)
Batting: RHB José Molina 0-0: Called Strike
0-1: Ball
1-1: SINGLE (Groundball, 6MS, EV 76.3 MPH) (infield hit)
Batting: LHB Sadamu Noguchi 0-0: Ball
José Molina steals 2nd base
1-0: Foul Ball, location: 2F
1-1: Swinging Strike
1-2: SINGLE (Flyball, 78S, EV 85.0 MPH)
José Molina to third
Runner from 3rd tries for Home, SAFE, throw by LF to home
Batting: RHB Väinö Tapaninen 0-0: Ball
Sadamu Noguchi steals 2nd, throwing error, E2
Sadamu Noguchi to third
1-0: Foul Ball, location: 2F
1-1: Swinging Strike
1-2: Ball
2-2: Strikes out swinging
Bottom of the 7th over - 1 run, 2 hits, 1 error, 1 left on base; St. Louis 10 - Minnesota 10
TOP OF THE 8TH
St. Louis Cardinals batting - Pitching for Minnesota Twins : RHP Luis Sanchez
Pitching: RHP Freddie Trainor
Batting: RHB Branden Cavalcante 0-0: Ball
1-0: Foul Ball, location: 2F
1-1: Called Strike
1-2: Strikes out swinging
Batting: RHB Dustin Clark 0-0: SINGLE (Groundball, 56D, EV 100.6 MPH)
Batting: LHB Tommy Luce 0-0: Ball
1-0: Called Strike
1-1: Called Strike
1-2: Strikes out swinging
Batting: RHB Pavpv Ivanushkin 0-0: Called Strike
0-1: Swinging Strike
0-2: Ball
1-2: Foul Ball, location: 2F
1-2: Fly out, F9 (Flyball, 9S, EV 81.3 MPH)
Top of the 8th over - 0 runs, 1 hit, 0 errors, 1 left on base; St. Louis 10 - Minnesota 10
BOTTOM OF THE 8TH
Minnesota Twins batting - Pitching for St. Louis Cardinals : RHP Jim Kincaid
Pitching: RHP Guadalupe Vasguez
Pinch Hitting: LHB Gerardo Flores 0-0: Ball
1-0: Foul Ball, location: 2F
1-1: Foul Ball, location: 2F
1-2: Ball
2-2: Ball
3-2: Foul Ball, location: 2F
3-2: SINGLE (Groundball, 34S, EV 68.1 MPH) (infield hit)
Batting: RHB Jesus Chavez 0-0: Called Strike
0-1: Called Strike
0-2: Ball
Wild Pitch!
Gerardo Flores to second
1-2: Ground out 1-3 (Groundball, P, EV 65.0 MPH)
Gerardo Flores to third
Batting: RHB Jared McClernon 0-0: Called Strike
0-1: Fly out, F8 (Flyball, 78M, EV 95.0 MPH)
Batting: SHB Buster Hyman 0-0: Ground out 6-3 (Groundball, 6, EV 78.1 MPH)
Bottom of the 8th over - 0 runs, 1 hit, 0 errors, 1 left on base; St. Louis 10 - Minnesota 10
TOP OF THE 9TH
St. Louis Cardinals batting - Pitching for Minnesota Twins : RHP Freddie Trainor
Now at 3B: Kevin Bellman
Now at SS: Yonetoshi Muranaka
Batting: SHB Antoine Roux 0-0: Ball
1-0: Foul Ball, location: 2F
1-1: Ball
2-1: Ball
3-1: Fly out, F8 (Flyball, 78S, EV 95.6 MPH)
Batting: LHB Alex Vargas 0-0: Ball
1-0: Ball
2-0: Ball
3-0: Base on Balls
Batting: LHB John Blair 0-0: Called Strike
0-1: Called Strike
0-2: Ball
1-2: Foul Ball, location: 2F
1-2: Strikes out swinging
Batting: RHB Bobby Scholl 0-0: Ball
1-0: Called Strike
Alex Vargas steals 2nd base
1-1: Swinging Strike
1-2: Strikes out swinging
Top of the 9th over - 0 runs, 0 hits, 0 errors, 1 left on base; St. Louis 10 - Minnesota 10
BOTTOM OF THE 9TH
Minnesota Twins batting - Pitching for St. Louis Cardinals : RHP Guadalupe Vasguez
Batting: LHB Kevin Bellman 0-0: Called Strike
0-1: Ball
1-1: Ball
2-1: Fly out, F8 (Flyball, 8RD, EV 100.0 MPH)
Batting: LHB Joel Kunkler 0-0: Called Strike
0-1: Ground out 5-3 (Groundball, 6, EV 101.3 MPH)
Batting: RHB José Molina 0-0: Called Strike
0-1: Ball
1-1: Ball
2-1: Swinging Strike
2-2: Ball
3-2: Foul Ball, location: 2F
3-2: Fly out, F9 (Flyball, 9LS, EV 80.0 MPH)
Bottom of the 9th over - 0 runs, 0 hits, 0 errors, 0 left on base; St. Louis 10 - Minnesota 10
TOP OF THE 10TH
St. Louis Cardinals batting - Pitching for Minnesota Twins : RHP Freddie Trainor
Pitching: RHP Mario Arce
Batting: LHB Ben Rubenacker 0-0: Ball
1-0: Foul Ball, location: 2F
1-1: Called Strike
1-2: Ball
2-2: Ground out 4-3 (Groundball, 4M, EV 78.8 MPH)
Batting: RHB Branden Cavalcante 0-0: Ball
1-0: Ball
2-0: Fly out, F3 (Popup, 34, EV 61.3 MPH)
Batting: RHB Dustin Clark 0-0: Called Strike
0-1: Ball
1-1: Foul Ball, location: 2F
1-2: Strikes out swinging
Top of the 10th over - 0 runs, 0 hits, 0 errors, 0 left on base; St. Louis 10 - Minnesota 10
BOTTOM OF THE 10TH
Minnesota Twins batting - Pitching for St. Louis Cardinals : RHP Guadalupe Vasguez
Pitching: RHP David Silva
Batting: LHB Sadamu Noguchi 0-0: Ball
1-0: Swinging Strike
1-1: Ball
2-1: Fly out, F7 (Flyball, 7LM, EV 87.5 MPH)
Batting: RHB Väinö Tapaninen 0-0: Swinging Strike
0-1: Ball
1-1: Called Strike
1-2: Ball
2-2: Foul Ball, location: 2F
2-2: Strikes out swinging
Batting: RHB Yonetoshi Muranaka 0-0: Ball
1-0: Foul Ball, location: 2F
1-1: Swinging Strike
1-2: Ball
2-2: Reached on error, E6 (Groundball, 6, EV 81.3 MPH)
Batting: RHB Jesus Chavez 0-0: Ball
1-0: Called Strike
1-1: Ball
2-1: Swinging Strike
2-2: Ball
3-2: Strikes out swinging
Bottom of the 10th over - 0 runs, 0 hits, 1 error, 1 left on base; St. Louis 10 - Minnesota 10
TOP OF THE 11TH
St. Louis Cardinals batting - Pitching for Minnesota Twins : RHP Mario Arce
Batting: LHB Tommy Luce 0-0: Ball
1-0: Ground out 4-3 (Groundball, 34, EV 109.4 MPH)
Batting: RHB Pavpv Ivanushkin 0-0: Fly out, F9 (Flyball, 89M, EV 95.6 MPH)
Batting: SHB Antoine Roux 0-0: Ball
1-0: Ball
2-0: Called Strike
2-1: SINGLE (Line Drive, 9LS, EV 87.5 MPH)
Batting: LHB Alex Vargas 0-0: Swinging Strike
0-1: Swinging Strike
0-2: Ball
Antoine Roux is caught stealing 2nd base 2-6
Top of the 11th over - 0 runs, 1 hit, 0 errors, 0 left on base; St. Louis 10 - Minnesota 10
BOTTOM OF THE 11TH
Minnesota Twins batting - Pitching for St. Louis Cardinals : RHP David Silva
Batting: RHB Jared McClernon 0-0: Called Strike
0-1: Called Strike
0-2: Foul Ball, location: 2F
0-2: Strikes out swinging
Batting: SHB Buster Hyman 0-0: Foul Ball, location: 2F
0-1: Called Strike
0-2: Strikes out swinging
Batting: LHB Kevin Bellman 0-0: Fly out, F6 (Line Drive, 6, EV 60.6 MPH)
Bottom of the 11th over - 0 runs, 0 hits, 0 errors, 0 left on base; St. Louis 10 - Minnesota 10
TOP OF THE 12TH
St. Louis Cardinals batting - Pitching for Minnesota Twins : RHP Mario Arce
Batting: LHB Alex Vargas 0-0: Called Strike
0-1: Ball
1-1: Ball
2-1: Ball
3-1: SINGLE (Line Drive, 8LM, EV 95.0 MPH)
Batting: LHB John Blair 0-0: Ball
1-0: Ball
2-0: Fielders Choice at 2nd, 4-6 (Groundball, 4, EV 88.1 MPH)
Batting: RHB Bobby Scholl 0-0: Ball
1-0: Foul Ball, location: 2F
1-1: Ball
2-1: SINGLE (Line Drive, 9S, EV 104.4 MPH)
John Blair to second
Batting: LHB Ben Rubenacker 0-0: Ball
1-0: Ball
2-0: Fly out, F7 (Flyball, 78M, EV 87.5 MPH)
Batting: RHB Branden Cavalcante 0-0: Called Strike
0-1: Swinging Strike
0-2: Strikes out looking
Top of the 12th over - 0 runs, 2 hits, 0 errors, 2 left on base; St. Louis 10 - Minnesota 10
BOTTOM OF THE 12TH
Minnesota Twins batting - Pitching for St. Louis Cardinals : RHP David Silva
Pitching: RHP Brent Garland
Batting: LHB Joel Kunkler 0-0: Called Strike
0-1: Called Strike
0-2: Fly out, F9 (Flyball, 9LS, EV 94.4 MPH)
Batting: RHB José Molina 0-0: Ball
1-0: Swinging Strike
1-1: Ball
2-1: Fly out, F9 (Flyball, 9S, EV 88.8 MPH)
Batting: LHB Sadamu Noguchi 0-0: Foul Ball, location: 2F
0-1: Foul Ball, location: 2F
0-2: Ball
1-2: Fly out, F8 (Flyball, 8LS, EV 79.4 MPH)
Bottom of the 12th over - 0 runs, 0 hits, 0 errors, 0 left on base; St. Louis 10 - Minnesota 10
TOP OF THE 13TH
St. Louis Cardinals batting - Pitching for Minnesota Twins : RHP Mario Arce
Pitching: RHP Tomas Vargas
Batting: RHB Dustin Clark 0-0: Called Strike
0-1: Called Strike
0-2: Ball
1-2: Ball
2-2: Ball
3-2: Base on Balls
Batting: LHB Tommy Luce 0-0: Bunted foul
0-1: Sac Bunt to 13S - play at first, batter OUT! 1-4
Dustin Clark to second
Batting: RHB Pavpv Ivanushkin 0-0: Called Strike
0-1: Called Strike
0-2: Hit by Pitch
Batting: SHB Antoine Roux 0-0: Ball
Dustin Clark steals 3rd base
Pavpv Ivanushkin to second
1-0: Called Strike
1-1: Ball
2-1: Called Strike
2-2: Foul Ball, location: 2F
2-2: Foul Ball, location: 2F
2-2: Fly out, F7 (Flyball, 7LM, EV 95.0 MPH)
Runner from 3rd tags up, OUT at HOME! 7-2
Top of the 13th over - 0 runs, 0 hits, 0 errors, 1 left on base; St. Louis 10 - Minnesota 10
BOTTOM OF THE 13TH
Minnesota Twins batting - Pitching for St. Louis Cardinals : RHP Brent Garland
Batting: RHB Väinö Tapaninen 0-0: Ball
1-0: Ball
2-0: Foul Ball, location: 2F
2-1: SINGLE (Flyball, 89S, EV 91.3 MPH)
Batting: RHB Yonetoshi Muranaka 0-0: Ball
1-0: Called Strike
1-1: Called Strike
1-2: Foul Ball, location: 2F
1-2: Ball
2-2: Grounds into double play, 5-4-3 (Groundball, 5, EV 78.1 MPH)
Batting: RHB Jesus Chavez 0-0: Ball
1-0: Ball
2-0: Called Strike
2-1: Ball
3-1: Foul Ball, location: 2F
3-2: Foul Ball, location: 2F
3-2: Foul Ball, location: 2F
3-2: DOUBLE (Line Drive, 7LS, EV 93.1 MPH)
Batting: RHB Jared McClernon 0-0: Ball
1-0: Ball
2-0: Called Strike
2-1: Ground out 4-3 (Groundball, 4M, EV 83.8 MPH)
Bottom of the 13th over - 0 runs, 2 hits, 0 errors, 1 left on base; St. Louis 10 - Minnesota 10
TOP OF THE 14TH
St. Louis Cardinals batting - Pitching for Minnesota Twins : RHP Tomas Vargas
Batting: LHB Alex Vargas 0-0: SINGLE (Groundball, 6S, EV 66.9 MPH) (infield hit)
Batting: LHB John Blair 0-0: Fly out, F8 (Line Drive, 8LM, EV 100.0 MPH)
Batting: RHB Bobby Scholl 0-0: Called Strike
0-1: Ball
1-1: Ball
2-1: Foul Ball, location: 2F
2-2: Foul Ball, location: 2F
2-2: Foul Ball, location: 2F
2-2: Foul Ball, location: 2F
2-2: Strikes out swinging
Pitching: RHP T.J. Hirst
Batting: LHB Ben Rubenacker 0-0: SINGLE (Groundball, 6S, EV 63.8 MPH) (infield hit)
Alex Vargas to second
Batting: RHB Branden Cavalcante 0-0: Foul Ball, location: 2F
0-1: Ball
1-1: DOUBLE (Line Drive, 89D, EV 102.5 MPH)
Alex Vargas scores
Ben Rubenacker to third
Runner from 3rd tries for Home, SAFE, throw by RF to home
Batting: RHB Dustin Clark 0-0: Ball
1-0: Ground out 6-3 (Groundball, 56, EV 84.4 MPH)
Top of the 14th over - 2 runs, 3 hits, 0 errors, 1 left on base; St. Louis 12 - Minnesota 10
BOTTOM OF THE 14TH
Minnesota Twins batting - Pitching for St. Louis Cardinals : RHP Brent Garland
Batting: SHB Buster Hyman 0-0: Ball
1-0: Called Strike
1-1: Foul Ball, location: 2F
1-2: Strikes out swinging
Batting: LHB Kevin Bellman 0-0: Fly out, F7 (Line Drive, 7D, EV 86.3 MPH)
Batting: LHB Joel Kunkler 0-0: Called Strike
0-1: Ball
1-1: Ball
2-1: Swinging Strike
2-2: Foul Ball, location: 2F
2-2: Foul Ball, location: 2F
2-2: Strikes out swinging
Bottom of the 14th over - 0 runs, 0 hits, 0 errors, 0 left on base; St. Louis 12 - Minnesota 10
Thursday, March 31st , 2022 - OOTP Baseball 22.12 Build 89